 Dungeon Crawl Stone Soup version 0.28.0-45-g0d030f2227 (webtiles) character file.

Game seed: 14941779858362894961

115 croobank the Shield-Bearer (level 4, -1/41 HPs)
             Began as a Minotaur Fighter on Apr 15, 2022.
             Slain by an orc
             ... wielding a +0 flail
              (5 damage)
             ... on level 3 of the Dungeon.
             The game lasted 00:03:12 (1998 turns).

croobank the Shield-Bearer (Minotaur Fighter)       Turns: 1998, Time: 00:03:13

Health: -1/41      AC:  7    Str: 22 (23) XL:     4   Next: 68%
Magic:  3/3        EV:  9    Int:  2 (5)  God:
Gold:   106        SH:  0    Dex:  7 (9)  Spells: 3/3 levels left

rFire   . . .      SeeInvis .   a - +0 war axe
rCold   . . .      Faith    .   c - +0 buckler
rNeg    + . .      Spirit   .   b - +0 scale mail
rPois   .          Reflect  .   (helmet restricted)
rElec   .          Harm     .   o - scarf {repulsion}
rCorr   .          Rampage  .   (no gloves)
Will    .....                   (no boots)
Stlth   ..........              (no amulet)
HPRegen 0.13/turn               q - ring of positive energy
MPRegen 0.08/turn               (no ring)

@: confused, attractive, repel missiles
A: horns 2, retaliatory headbutt
a: no special abilities


You were on level 3 of the Dungeon.
You visited 1 branch of the dungeon, and saw 3 of its levels.

You collected 106 gold pieces.

Inventory:

Hand Weapons
 a - a +0 war axe (weapon)
Missiles
 f - 120 stones
 i - 5 poisoned darts (quivered)
 k - 3 javelins
 s - 13 sling bullets
Armour
 b - a +0 scale mail (worn)
 c - a +0 buckler (worn)
 o - a scarf of repulsion (worn)
Jewellery
 q - a ring of positive energy (left hand)
 r - an amulet of reflection
Scrolls
 e - a scroll of identify {unknown}
 j - a scroll of immolation {unknown}
Potions
 d - a potion of might
 g - a potion of attraction
 m - a potion of brilliance {unknown}
 n - a potion of haste {unknown}
 p - 2 potions of resistance {unknown}


   Skills:
 + Level 4.5 Fighting
 + Level 3.6 Axes
 + Level 4.5 Armour
 + Level 4.6 Shields


You had 3 spell levels left.
You didn't know any spells.
Your spell library contained the following spells:

 Spells                   Type           Power      Damage    Failure   Level
 Static Discharge         Conj/Air       0%         N/A       97%         2
 Dispel Undead            Necr           0%         3d6       100%        4
 Sticky Flame             Conj/Fire      0%         2d3       100%        4
 Summon Forest            Summ/Tloc      0%         N/A       100%        5
 Eringya's Noxious Bog    Tmut/Pois      0%         N/A       100%        6
 Summon Hydra             Summ           0%         N/A       100%        7


Dungeon Overview and Level Annotations

Branches:
Dungeon (3/15)

Altars:


Innate Abilities, Weirdness & Mutations

You have a pair of horns on your head.
You reflexively headbutt those who attack you in melee.


Message History

The orc hits you with a +0 flail. The orc wizard barely misses you.
Unknown command.
You bump into the rock wall.
The orc barely misses you.
The orc wizard hits you but does no damage.
You barely miss the orc wizard. You miss the orc.
The orc hits you but does no damage.
The orc wizard hits you but does no damage.
Unknown command.
Unknown command.
You miss the orc wizard. Your headbutt misses the orc wizard.
You completely miss the orc. The orc hits you but does no damage.
The orc wizard hits you but does no damage.
You feel better. The orc hits you with a +0 flail.
The orc wizard hits you but does no damage.
You barely miss the orc wizard. You hit the orc. You block the orc's attack.
The orc wizard hits you with a +0 dagger.
The orc closely misses you. The orc wizard casts a spell at you.
You resist with some effort.
You hit the orc wizard. You headbutt the orc wizard!
The orc wizard is almost dead.
You barely miss the orc. The orc barely misses you.
The orc wizard points at you and mumbles some strange words.
The magic dart hits you.
You barely miss the orc wizard. Your headbutt misses the orc wizard.
The orc wizard is almost dead.
You barely miss the orc. The orc hits you but does no damage.
The orc wizard gestures at you while chanting.
You are confused.
The orc hits you with a +0 flail. The orc wizard barely misses you.
You barely miss the orc wizard.
The orc wizard is almost dead.
You miss the orc. The orc hits you but does no damage.
The orc wizard hits you but does no damage.
You bump into the rock wall.
The orc hits you with a +0 flail!
* * * LOW HITPOINT WARNING * * *
The orc wizard hits you with a +0 dagger.
* * * LOW HITPOINT WARNING * * *
You bump into the rock wall.
The orc hits you with a +0 flail.
You die...

##... #...# #...#
#...# #...# #$..#
#.oo# #@# #.# #.#
##############'#####
...................#
#.######....#......#
#.........+......#
#.####....#.######
#....#.#


You could see an orc wizard and an orc.

Vanquished Creatures
  Jessica (D:2)
  Terence (D:3)
  2 adders (D:2)
  2 dart slugs
  3 orcs (D:3)
  3 endoplasms
  2 giant cockroaches
  3 goblins (D:1)
  5 hobgoblins
  2 jackals (D:2)
  5 ball pythons
  2 bats (D:2)
  2 frilled lizards
  4 kobolds
  5 rats (D:2)
42 creatures vanquished.

Notes
Turn   | Place    | Note
-------+----------+-------------------------------------------
     0 | D:1      | croobank the Minotaur Fighter began the quest for the Orb.
     0 | D:1      | Reached XP level 1. HP: 19/19 MP: 0/0
   289 | D:1      | Reached XP level 2. HP: 27/27 MP: 1/1
  1239 | D:2      | Reached XP level 3. HP: 18/33 MP: 2/2
  1509 | D:2      | Noticed Jessica
  1516 | D:2      | Killed Jessica
  1544 | D:2      | Found a faded altar of an unknown god.
  1558 | D:2      | Reached XP level 4. HP: 39/40 MP: 3/3
  1908 | D:2      | Found Yjada's Weapon Emporium.
  1968 | D:3      | Noticed Terence
  1976 | D:3      | Killed Terence
  1998 | D:3      | Slain by an orc

Illustrated notes

Levels and vault maps discovered:
D:1:      dpeg_arrival_morbid_curiosity, layout_loops_corners,
          palyth_stone_intersect, grunt_decor_mini_mirrors
D:2:      layout_basic, hellmonk_ecumenical_altar_lost_god, serial_shops,
          nicolae_shop_hallway_plus, uniq_jessica
D:3:      layout_basic, gammafunk_ghost_grave, uniq_terence

Skill      XL: |  1  2 |
---------------+-------+-----
Shields        | 4 |  4.6
Fighting       | 4 |  4.5
Axes           | 3 |  3.6
Armour         | 4 |  4.5

Action                   |  1- 3 |  4- 6 || total
-------------------------+-------+-------++-------
Melee: War axe           |    52 |    41 ||    93
       Headbutt          |     6 |     2 ||     8
Throw: Dart              |     5 |       ||     5
  Use: Potion            |       |     4 ||     4
Armor: Scale mail        |    27 |    27 ||    54
Dodge: Dodged            |    20 |    23 ||    43
       Repelled          |       |     1 ||     1
Block: Buckler           |    17 |     9 ||    26
